 Dungeon Crawl Stone Soup version 0.26.1-11-gd32895ea62 (webtiles) character file.

Game seed: 4745439818462706979

84 Descartes the Magician (level 4, -1/24 HPs)
             Began as a Deep Elf Hedge Wizard on May 12, 2021.
             Slain by a hornet zombie (11 damage)
             ... on level 2 of the Dungeon.
             The game lasted 00:03:22 (2464 turns).

Descartes the Magician (Deep Elf Hedge Wizard)      Turns: 2464, Time: 00:03:23

Health: -1/24      AC:  3    Str:  8    XL:     4   Next: 23%
Magic:  5/14       EV: 13    Int: 19    God:
Gold:   152        SH:  0    Dex: 14    Spells: 14/15 levels left

rFire    . . .     SeeInvis .   a - +0 dagger
rCold    . . .     Faith    .   (no shield)
rNeg     . . .     Spirit   .   b - +0 robe
rPois    .         Reflect  .   c - +0 hat
rElec    .         Harm     .   (no cloak)
rCorr    .         Rampage  .   j - +0 pair of gloves
Will     .....                  (no boots)
Stlth    ++........             (no amulet)
HPRegen  0.08/turn              (no ring)
MPRegen  0.14/turn              (no ring)

@: no status effects
A: no striking features
a: no special abilities


You were on level 2 of the Dungeon.
You visited 1 branch of the dungeon, and saw 2 of its levels.

You collected 152 gold pieces.

Inventory:

Hand Weapons
 a - a +0 dagger (weapon)
Missiles
 g - 66 stones
 n - 75 arrows
 q - 21 bolts
Armour
 b - a +0 robe (worn)
 c - a +0 hat (worn)
 j - a +0 pair of gloves (worn)
Wands
 p - a wand of polymorph (9)
Scrolls
 d - 2 scrolls of blinking {unknown}
 k - 2 scrolls of identify {unknown}
 m - a scroll of amnesia {unknown}
 o - a scroll of enchant armour {unknown}
Potions
 e - a potion of ambrosia {unknown}
 f - 3 potions of haste {unknown}
 h - 2 potions of heal wounds {unknown}
 i - 2 potions of might {unknown}
 l - a potion of flight {unknown}
 r - a potion of berserk rage {unknown}


   Skills:
 - Level 2.4 Dodging
 - Level 2.4 Stealth
 - Level 6.0 Spellcasting
 + Level 3.1 Conjurations
 - Level 1.1 Summonings
 - Level 1.1 Translocations


You had 14 spell levels left.
You knew the following spells:

 Your Spells              Type           Power        Failure   Level
a - Magic Dart            Conj           68%          3%          1

Your spell library contained the following spells:

 Spells                   Type           Power        Failure   Level
 Blink                    Tloc           N/A          11%         2
 Call Imp                 Summ           9%           11%         2
 Slow                     Hex            5%           17%         2
 Conjure Flame            Conj/Fire      11%          19%         3
 Mephitic Cloud           Conj/Pois/Air  9%           22%         3


Dungeon Overview and Level Annotations

Branches:
Dungeon (2/15)

Altars:


Message History

The magic dart hits the hornet zombie but does no damage.
The hornet zombie is moderately damaged.
The hornet zombie barely misses you.
Casting: Magic Dart (safe; 3% risk of failure)
Confirm with . or Enter, or press ? or * to list all spells.
Aiming: Magic Dart (safe; 3% risk of failure)
Press: ? - help, Shift-Dir - straight line, f/p - hornet zombie
Aim: a hornet zombie (moderately damaged, 0% to evade)
The magic dart hits the hornet zombie.
The hornet zombie is moderately damaged.
The hornet zombie closely misses you.
Casting: Magic Dart (safe; 3% risk of failure)
Confirm with . or Enter, or press ? or * to list all spells.
Aiming: Magic Dart (safe; 3% risk of failure)
Press: ? - help, Shift-Dir - straight line, f/p - hornet zombie
Aim: a hornet zombie (moderately damaged, 0% to evade)
The magic dart hits the hornet zombie.
The hornet zombie is heavily damaged.
The hornet zombie hits you!
You die...

....#.# ...... ##......
....# ........
....########.##.#..
..............#.#.##
....#####.#...#.#$.
....# #.#...#.#.#
#########.#...#.#.#.#<..
................@....>#
###.#####.#...#.#Z###.#
# #.#...#.#.# ###.#
#.#...#.#.# ....#
#.#...#.#.# ###.#
#.#...#.#.# ..#
#.#...#.#.# #.#
#.#...#.#.# ..# #.#...#


You could see a hornet zombie.

Vanquished Creatures
  4 adders (D:2)
  An ooze (D:1)
  A worm (D:2)
  A dart slug (D:1)
  2 leopard geckos (D:1)
  6 bats
  5 goblins
  4 hobgoblins
  4 jackals (D:1)
  4 kobolds
  2 ball pythons (D:1)
  2 frilled lizards
  2 rats (D:1)
38 creatures vanquished.

Notes
Turn   | Place    | Note
-------+----------+-------------------------------------------
     0 | D:1      | Descartes the Deep Elf Hedge Wizard began the quest for the
                  | Orb.
     0 | D:1      | Reached XP level 1. HP: 10/10 MP: 7/7
   242 | D:1      | Reached skill level 5 in Spellcasting
   353 | D:1      | Reached XP level 2. HP: 15/15 MP: 6/10
  1405 | D:1      | Reached XP level 3. HP: 19/19 MP: 3/12
  1883 | D:2      | Reached skill level 6 in Spellcasting
  2300 | D:2      | Reached XP level 4. HP: 24/24 MP: 10/14
  2464 | D:2      | Slain by a hornet zombie

Illustrated notes

Levels and vault maps discovered:
D:1:      tarquinn_simple_flora_water_d, layout_loops_corners, st_stairs_9
D:2:      layout_basic

Skill      XL: |  1  2  3  4 |
---------------+-------------+-----
Spellcasting   | 5 6 |  6.0
Conjurations   | 2 3 |  3.1
Dodging        | |  2.4
Stealth        | |  2.4
Summonings     | |  1.1
Translocations | |  1.1

Action                   |  1- 3 |  4- 6 || total
-------------------------+-------+-------++-------
 Cast: Magic Dart        |   113 |    19 ||   132
Armor: Robe              |    15 |       ||    15
Dodge: Dodged            |    54 |     7 ||    61
